 Dungeon Crawl Stone Soup version 0.18-a0-1140-g8540535 (webtiles) character file.

952 Psiweapon the Covered (level 8, -1/68 HPs)
             Began as a Hill Orc Fighter on Nov 3, 2015.
             Was an Initiate of Makhleb.
             Slain by a worker ant (6 damage)
             ... on level 5 of the Dungeon on Jan 20, 2016.
             The game lasted 00:20:04 (5683 turns).

Psiweapon the Covered (Hill Orc Fighter)            Turns: 5683, Time: 00:20:04

Health: -1/68      AC: 12    Str: 20    XL:     8   Next: 13%
Magic:  8/8        EV: 11    Int:  8    God:    Makhleb [......]
Gold:   314        SH:  0    Dex: 11    Spells: 0 memorised, 7 levels left

rFire  . . .     SeeInvis .     y - +2 quarterstaff (chaos)
rCold  . . .     Gourm    .     o - +0 scale mail
rNeg   . . .     Faith    .     (shield currently unavailable)
rPois  .         Spirit   .     (helmet restricted)
rElec  .         Dismiss  .     z - +0 cloak
rCorr  .         Reflect  .     (no gloves)
SustAt .         Harm     +     C - +0 pair of boots (curse)
MR     .....                    A - amulet of harm
Stlth  ..........               (no ring)
                                (no ring)

@: lethally poisoned (-1 -> -10), flying, hasted, very quick, not resistant to
hostile enchantments, extremely unstealthy
A: beak, thin metallic scales 1, wild magic 1
a: Renounce Religion


You were on level 5 of the Dungeon.
You worshipped Makhleb.
Makhleb was noncommittal.
You were hungry.

You visited 2 branches of the dungeon, and saw 6 of its levels.
You also visited: Sewer.

You collected 314 gold pieces.

Inventory:

Hand Weapons
 a - a +0 war axe
 b - a +0 hunting sling
 x - a +3 flail
 y - a +2 quarterstaff of chaos (weapon)
 F - a cursed +0 whip
Missiles
 g - 68 sling bullets
Armour
 c - a +0 shield
 o - a +0 scale mail (worn)
 z - a +0 cloak (worn)
 C - a cursed +0 pair of boots (worn)
 E - a +0 helmet
Jewellery
 q - an uncursed amulet of rage
 A - an amulet of harm (around neck)
 D - an uncursed amulet of regeneration {unknown}
Wands
 l - a wand of slowing (10/48)
 H - a wand of paralysis (10/24)
Scrolls
 d - 2 scrolls of blinking {unknown}
 f - 4 scrolls of random uselessness {unknown}
 j - 6 scrolls of identify {unknown}
 k - a scroll of fog {unknown}
 m - 2 scrolls of teleportation {unknown}
 n - 4 scrolls of magic mapping {unknown}
 p - a scroll of enchant armour {unknown}
 r - 3 scrolls of amnesia {unknown}
 v - a scroll of fear {unknown}
 I - a scroll of remove curse {unknown}
Potions
 w - a potion of agility {unknown}
 G - a potion of cure mutation {unknown}
Comestibles
 e - 4 bread rations
 h - 3 meat rations
 u - 4 chunks of flesh
 J - 3 fruits


   Skills:
 + Level 5.1 Fighting
 + Level 5.3(5.4) Axes
 + Level 0.4(2.9) Maces & Flails
 + Level 0.6(0.8) Staves
 + Level 1.0 Slings
 + Level 5.7 Armour
 + Level 3.2 Dodging
 + Level 1.0 Stealth
 + Level 5.5 Shields


You had 7 spell levels left.
You didn't know any spells.

Dungeon Overview and Level Annotations

Branches:
Dungeon (5/15)             Temple (1/1) D:4

Altars:
Ashenzari
Cheibriados
Dithmenos
Fedhas
Gozag
Kikubaaqudgha
Makhleb
Ru
Trog
Vehumet
Xom
Yredelemnul
The Shining One

Shops:
D:4 [


Innate Abilities, Weirdness & Mutations

You have a beak for a mouth.
You are partially covered in thin metallic scales (AC +2).
Your spells are a little harder to cast, but a little more powerful.


Message History

You are feeling hungry.
The worker ant misses you.
Drink which item? (? for menu, Esc to quit)
It was a potion of mutation.
You feel extremely strange.
Your mouth lengthens and hardens into a beak!
Your +0 helmet falls away!
Thin metallic scales grow over part of your body.
You feel less in control of your magic. The worker ant closely misses you.
Drink which item? (? for menu, Esc to quit)
It was a potion of poison.
That liquid tasted very nasty...
You are lethally poisoned!
* * * LOW HITPOINT WARNING * * *
You feel sick. The worker ant closely misses you.
Drink which item? (? for menu, Esc to quit)
It was a potion of haste.
You feel yourself speed up.
* * * LOW HITPOINT WARNING * * *
You feel sick. The worker ant bites you.
You die...

#.PP≈P≈.# .P≈≈P.#
#.≈≈P...# .P≈≈≈.# .
#≈PP≈#.# #.PP≈.#
.#####.# #.# #.....#
.#>....####.#####....#
.....................#
.###.######..........#
.# #.# ########..##
.###.# #@#).# ....##
#a#...# .#### #.###..#
.# #.# ##.# ># ## ##
[# .# .# ###


You could see a worker ant.

Vanquished Creatures
  A phantom (D:4)
  An ogre (D:5)
  2 giant frogs (Sewer)
  Crazy Yiuf (D:3)
  2 orc priests (D:3)
  2 worker ants
  An iguana (D:4)
  An orc wizard (D:3)
  16 adders
  8 gnolls
  A river rat (D:3)
  10 oozes
  5 worms
  8 giant geckos
  13 orcs
  21 giant cockroaches
  10 goblins
  7 hobgoblins
  4 jackals (D:2)
  3 quokkas (D:3)
  20 ball pythons
  12 bats
  14 giant newts
  8 kobolds
  10 rats
181 creatures vanquished.

Vanquished Creatures (others)
  2 fungi (D:3)
2 creatures vanquished.

Grand Total: 183 creatures vanquished

Notes
Turn   | Place    | Note
--------------------------------------------------------------
     0 | D:1      | Psiweapon the Hill Orc Fighter began the quest for the Orb.
     0 | D:1      | Reached XP level 1. HP: 19/19 MP: 1/1
    39 | D:1      | Reached XP level 2. HP: 20/26 MP: 2/2
   358 | D:1      | Reached XP level 3. HP: 33/33 MP: 3/3
   400 | D:1      | Reached skill level 4 in Armour
   846 | D:3      | Found a glowing drain.
   850 | Sewer    | Entered a sewer
  1106 | Sewer    | Reached XP level 4. HP: 33/40 MP: 4/4
  1313 | Sewer    | Reached skill level 1 in Dodging
  1536 | Sewer    | Reached XP level 5. HP: 19/47 MP: 5/5
  2114 | Sewer    | Reached XP level 6. HP: 5/53 MP: 6/6
  2817 | D:2      | Found a sacrificial altar of Ru.
  3023 | D:2      | Reached skill level 1 in Slings
  3188 | D:3      | Upgraded the game from 0.18-a0-23-g19353e1 to 0.18-a0-1123-gbd92598
  3200 | D:3      | Reached XP level 7. HP: 48/60 MP: 7/7
  3465 | D:3      | Reached skill level 5 in Shields
  3792 | D:3      | Reached skill level 5 in Axes
  3971 | D:3      | Found a sacrificial altar of Ru.
  3977 | D:3      | Upgraded the game from 0.18-a0-1123-gbd92598 to 0.18-a0-1140-g8540535
  4027 | D:3      | Noticed Crazy Yiuf
  4031 | D:3      | Killed Crazy Yiuf
  4322 | D:3      | Reached skill level 5 in Armour
  4804 | D:4      | Found Icsog's Armour Shoppe.
  4835 | D:4      | Reached skill level 5 in Fighting
  5418 | D:4      | Found a staircase to the Ecumenical Temple.
  5424 | Temple   | Entered the Ecumenical Temple
  5468 | Temple   | Became a worshipper of Makhleb the Destroyer
  5549 | D:5      | Entered Level 5 of the Dungeon
  5565 | D:5      | Reached XP level 8. HP: 68/68 MP: 8/8
  5633 | D:5      | Reached skill level 1 in Stealth
  5681 | D:5      | Gained mutation: You have a beak for a mouth. [potion of mutation]
  5681 | D:5      | Gained mutation: You are partially covered in thin metallic scales (AC +2). [potion of mutation]
  5681 | D:5      | Gained mutation: Your spells are a little harder to cast, but a little more powerful. [potion of mutation]
  5683 | D:5      | Slain by a worker ant

Vault maps used:
D:1:      lemuel_arrival_tunnels, st_stairs_9
D:2:      nicolae_ru_sacrificial_ziggurat
D:3:      lemuel_crystal_altar, gup_sewer_entry_bowl, uniq_crazy_yiuf_cottage
D:4:      temple_green, serial_shops, shop
D:5:      first_bread, serial_bayou_lagoon_a, cheibrodos_gnoll_hut
Temple:   circular_temple_12
Sewer:    sewer_frog_island_02

Action                   |  1- 3 |  4- 6 |  7- 9 || total
-------------------------+-------+-------+-------++-------
Melee: War axe           |   122 |   283 |   122 ||   527
       Quarterstaff      |       |       |    69 ||    69
       Flail             |       |       |    27 ||    27
 Fire: Hunting sling     |       |    29 |     6 ||    35
  Use: Potion            |       |     2 |     4 ||     6
 Stab: Paralysed         |       |       |     4 ||     4
  Eat: Chunk             |     1 |     8 |     6 ||    15
       Pizza             |       |       |     1 ||     1
